 Dungeon Crawl Stone Soup version 0.31-a0-1589-g8f5e8aebd6 (webtiles) character file.

Game seed: 13485625444566410207

4 2FriedEggs the Changeling (level 1, 16/16 HPs)
             Began as a Demigod Shapeshifter on Jan 5, 2024.
             Quit the game on level 1 of the Dungeon.
             The game lasted 00:00:13 (97 turns).

2FriedEggs the Changeling (Demigod Shapeshifter)      Turns: 97, Time: 00:00:13

Health: 16/16      AC:  2    Str: 15    XL:     1   Next: 40%
Magic:  3/3        EV: 12    Int: 12    God:
Gold:   19         SH:  0    Dex: 13    Spells: 0/0 levels left

rFire   . .          .
                       - Unarmed
rCold   . . .        (no shield)
rNeg    . . .        a - +0 animal skin
rPois   .            (helmet currently unavailable)
rElec   .            (cloak currently unavailable)
rCorr   .            (gloves currently unavailable)
SInv    .            (boots currently unavailable)
Will    .....        (no amulet)
Stlth   +            (no ring)
HPRegen 0.22/turn    (no ring)
MPRegen 0.08/turn

%: no passive effects
@: beast-form
A: beast (slay +1), high MP 1, forlorn, divine attributes
a: Begin Untransformation


You were on level 1 of the Dungeon.
You were a hulking beast.
You visited 1 branch of the dungeon, and saw 1 of its levels.

You collected 19 gold pieces.

Inventory:

Armour
 a - a +0 animal skin (worn)
Talismans
 c - a beast talisman
 d - a flux talisman
Scrolls
 e - a scroll of identify {unknown}
Potions
 b - a potion of lignification


   Skills:
 + Level 1.0 Fighting
 + Level 1.8 Dodging
 + Level 2.7 Unarmed Combat
 + Level 2.7 Shapeshifting


You couldn't memorise any spells.
You didn't know any spells.
Your spell library was empty.

Dungeon Overview and Level Annotations

Branches:
Dungeon (1/15)


Innate Abilities, Weirdness & Mutations

You are a hulking beast.
Your limbs bulge with bestial killing power. (Slay +1)
You have an increased reservoir of magic. (+10% MP)
You shall have no god before yourself.
Your divine heritage dramatically boosts your attributes as you level up.


Message History

A bat is nearby!
The bat closely misses you.
You hit the bat.
You kill the bat!
No target in view!
No target in view!
Your library has no spells.
You see here a bat corpse.
e - a scroll labelled SOTWOL ICVOTUS
Found 2 poisoned darts.
Found a dagger.
A hobgoblin comes into view.
A hobgoblin is nearby!
A hobgoblin is nearby!
A hobgoblin is nearby!
A giant cockroach comes into view.
You hit the giant cockroach.
The giant cockroach is almost dead.
The giant cockroach bites you but does no damage.
You hit the giant cockroach.
You kill the giant cockroach!
Your Fighting skill increases to level 1!
The hobgoblin shouts!
You hit the hobgoblin.
You kill the hobgoblin!
No target in view!
No target in view!
No target in view!
No target in view!
Unknown command.
No target in view!
Key pressed, stopping explore.
You now have 9 gold pieces.
You open the door.
There is an open door here.
You now have 19 gold pieces (gained 10).
A giant cockroach comes into view.
A giant cockroach is nearby!
A giant cockroach is nearby!
Are you sure you want to abandon this character and quit the game? (Confirm with "yes".)

##########..####..
.......#..### #..
..≈≈≈..'.## ####..
.......#..###.....
##########..###...
#.......###..###.
#..#.####.###....
##..#.## #.####..
#h..#..## #...##..
.B.......###..#
#...... #...##..##
##.# #..##.. #.
#..# #.####...#..
##.# #.##...#.#..
#.# ##.##.###.###
#.# #.....# #.#
..# #..#### #.#
#..# #.#


You could see a giant cockroach.

Vanquished Creatures
  A bat (D:1)
  A giant cockroach (D:1)
  A hobgoblin (D:1)
3 creatures vanquished.

Notes
Turn   | Place    | Note
-------+----------+-------------------------------------------
     0 | D:1      | 2FriedEggs the Demigod Shapeshifter began the quest for the
                  | Orb.
     0 | D:1      | Reached XP level 1. HP: 15/15 MP: 3/3
    30 | D:1      | Reached skill level 1 in Fighting
    97 | D:1      | Quit the game

Illustrated notes

Levels and vault maps discovered:
D:1:      orjb1_clovarrival, layout_rooms, minmay_tree_intersection,
          grunt_decor_clamped

Skill      XL: |  1 |
---------------+----+-----
Fighting       | 1 |  1.0
Dodging        | |  1.8
Unarmed Combat | |  2.7
Shapeshifting  | |  2.7

Action                     || total
---------------------------++-------
  Melee: Unarmed           ||     4
 Armour: Animal skin       ||     1
  Dodge: Dodged            ||     1

Table legend: (Time is in decaauts)
 A = Elapsed time spent in this place.
 B = Non-inter-level travel time spent in this place.
 C = Inter-level travel time spent in this place.
 D = Time resting spent in this place.
 E = Time spent auto-exploring this place.
 F = Levels seen in this place.
 G = Mean time per level.
                   A        B        C        D        E       F      G
               +--------+--------+--------+--------+--------+-----+--------+
         Total |    100 |    100 |      0 |      0 |     81 |   1 |  100.0 |
       Dungeon |    100 |    100 |      0 |      0 |     81 |   1 |  100.0 |
               +--------+--------+--------+--------+--------+-----+--------+

Top non-repeatable levels by time:
     D:1: 100 daAuts
